 Dungeon Crawl Stone Soup version 0.19.5 (webtiles) character file.

245 Gargoyl the Skirmisher (level 6, 0/52 HPs)
             Began as a Ghoul Abyssal Knight on Mar 2, 2017.
             Was a Believer of Lugonu.
             Slain by an ogre
             ... wielding a +0 giant spiked club
              (12 damage)
             ... on level 4 of the Dungeon.
             The game lasted 00:06:35 (2607 turns).

Gargoyl the Skirmisher (Ghoul Abyssal Knight)       Turns: 2607, Time: 00:06:35

Health: 0/52       AC: 13    Str: 16    XL:     6   Next: 10%
Magic:  7/7        EV:  0    Int:  7    God:    Lugonu [**....]
Gold:   202        SH: 12    Dex: 10    Spells: 0 memorised, 5 levels left

rFire  . . .     SeeInvis .     a - +1 hand axe
rCold  + . .     Gourm    .     m - +0 plate armour
rNeg   + + +     Faith    .     d - +0 large shield
rPois  ∞         Spirit   .     (no helmet)
rElec  .         Reflect  .     l - +1 cloak {rPois}
rCorr  .         Harm     .     (no gloves)
MR     .....                    (no boots)
Stlth  ..........               (no amulet)
                                (no ring)
                                (no ring)

@: very slightly contaminated, rotting
A: rotting body, claws 1, carnivore 3, cold resistance 1, negative energy
resistance 3, slow regeneration 1, torment resistance, unbreathing
a: Depart the Abyss, Bend Space, Renounce Religion


You were on level 4 of the Dungeon.
You worshipped Lugonu.
Lugonu was pleased with you.
You were not hungry.

You visited 1 branch of the dungeon, and saw 4 of its levels.
You visited the Abyss 1 time.

You collected 202 gold pieces.

Inventory:

Hand Weapons
 a - a +1 hand axe (weapon)
Armour
 d - a +0 large shield (worn)
 l - a +1 cloak of poison resistance (worn)
 m - a +0 plate armour (worn)
Scrolls
 h - a scroll of magic mapping {unknown}
 j - 3 scrolls of identify
 k - a scroll of enchant armour {unknown}
 n - a scroll of amnesia {unknown}
 o - a scroll of fear {unknown}
Potions
 e - a potion of lignification {unknown}
 f - a potion of haste
 g - a potion of flight
 i - 3 potions of invisibility
Comestibles
 b - 3 chunks of flesh
 c - 3 meat rations


   Skills:
 + Level 4.1 Fighting
 + Level 3.3 Axes
 * Level 2.9 Armour
 + Level 1.3 Dodging
 + Level 1.9 Shields
 * Level 3.0 Invocations


You had 5 spell levels left.
You didn't know any spells.

Dungeon Overview and Level Annotations

Branches:
Dungeon (4/15)
 Temple: D:4-7

Altars:
Dithmenos


Innate Abilities, Weirdness & Mutations

Your body is rotting away.
You thrive on raw meat.
You are immune to poison.
You have sharp fingernails.
You are carnivorous and can eat meat at any time.
Your flesh is cold resistant. (rC+)
You are immune to negative energy. (rN+++)
You regenerate slowly when monsters are visible.
You are immune to unholy pain and torment.
You can survive without breathing.


Message History

Your shield and plate armour prevent you from hitting the worker ant.
The worker ant is lightly wounded.
You hit the adder. You closely miss the ogre.
The worker ant bites you but does no damage.
You block the adder's attack.
The worker ant bites you but does no damage.
The ogre hits you with a giant spiked club.
* * * LOW HITPOINT WARNING * * *
You block the adder's attack. You block the worker ant's attack.
You block the worker ant's attack. The adder bites you but does no damage.
The worker ant waves its antennae.
The adder bites you.
* * * LOW HITPOINT WARNING * * *
The worker ant bites you but does no damage.
There is a stone staircase leading up here.
The adder bites you but does no damage. You block the worker ant's attack.
The ogre hits you with a giant spiked club!
You die...

#.... #.. #.... .. #..
#####.<..
..###.##########........
#..#...).#.............. ..
.......#.####.##.#..## ..##
#...............#..##
....####...........#####..##
#.#.......a@....#### ...## #
.........OS.######## .#.#..
.. #................##...#..
... #.....≈≈≈≈.≈≈≈≈≈.....
.... #.....≈≈≈≈.≈≈≈≈≈.....
..... #.....≈≈≈≈.≈≈≈≈≈.##.#
...>..#..?<.≈≈≈≈.≈≈≈≈≈... #
........>...≈≈≈≈........##
..................≈≈≈≈..#


You could see an ogre, a worker ant and an adder.

Vanquished Creatures
  Crazy Yiuf (D:3)
  Jessica (D:2)
  Natasha (thrice) (D:2)
  4 adders
  2 oozes (D:1)
  An adder skeleton (D:4)
  A worm (D:3)
  2 dart slugs (D:1)
  2 leopard geckos
  An orc (D:3)
  3 ball pythons
  6 giant cockroaches
  9 goblins
  2 hobgoblins
  4 jackals (D:2)
  9 bats
  4 frilled lizards
  4 kobolds
  A quokka skeleton (D:4)
  3 rats
63 creatures vanquished.

Notes
Turn   | Place    | Note
-------+----------+-------------------------------------------
     0 | Abyss:1  | Gargoyl the Ghoul Abyssal Knight began the quest for the Orb.
     0 | Abyss:1  | Reached XP level 1. HP: 19/19 MP: 1/1
    82 | Abyss:2  | Noticed a small abomination
   120 | Abyss:2  | Noticed a large abomination
   185 | D:1      | Escaped the Abyss
   306 | D:1      | Reached skill level 1 in Dodging
   330 | D:1      | Reached * piety under Lugonu
   350 | D:1      | Reached XP level 2. HP: 21/26 MP: 2/2
   546 | D:1      | Reached XP level 3. HP: 33/33 MP: 3/3
  1047 | D:2      | Noticed Jessica
  1057 | D:2      | Killed Jessica
  1057 | D:2      | Reached skill level 4 in Fighting
  1057 | D:2      | Reached XP level 4. HP: 35/40 MP: 4/4
  1101 | D:2      | Noticed Natasha
  1108 | D:2      | Killed Natasha
  1197 | D:2      | Reached skill level 1 in Shields
  1313 | D:2      | Reached XP level 5. HP: 35/46 MP: 5/5
  1330 | D:2      | Noticed Natasha
  1358 | D:2      | Killed Natasha
  1603 | D:2      | Reached ** piety under Lugonu
  1641 | D:2      | Found a shadowy altar of Dithmenos.
  1692 | D:2      | Noticed Natasha
  1699 | D:2      | Killed Natasha
  1750 | D:2      | Found a faded altar of an unknown god.
  1997 | D:3      | Found a runed door.
  2463 | D:3      | Noticed Crazy Yiuf
  2487 | D:3      | Killed Crazy Yiuf
  2487 | D:3      | Reached XP level 6. HP: 30/52 MP: 5/7
  2607 | D:4      | Slain by an ogre

Skill      XL: |  1  2  3  4  5 |
---------------+----------------+-----
Dodging        | 1 |  1.3
Armour         | 2 |  2.9
Axes           | 2 3 |  3.3
Fighting       | 4 |  4.1
Shields        | 1 |  1.9
Invocations    | 3 |  3.0

Action                   |  1- 3 |  4- 6 || total
-------------------------+-------+-------++-------
Melee: Hand axe          |    72 |   230 ||   302
Invok: Depart the Abyss  |     1 |       ||     1
  Use: Scroll            |     2 |       ||     2
       Potion            |       |     5 ||     5
 Stab: Invisible         |       |     2 ||     2
  Eat: Chunk             |     6 |    22 ||    28
Armor: Ring mail         |    40 |    23 ||    63
       Plate armour      |       |   180 ||   180
Dodge: Dodged            |    17 |    17 ||    34
Block: Large shield      |    42 |   187 ||   229
